Construct Infanterie Kompanie
Selects Luftwaffe Battlegroup
Selects Luftwaffe Pioneer Support
Fallschirmpioneer Squad Paradrop
Construct Luftwaffe Kompanie
Selects Stuka Strafing Run
Luftwaffe Officer Quarters
Construct Panzergrenadier Kompanie
Nebelwerfer 42 Rocket Launcher Team
Selects Fallschirmjäger Squad Paradrop
Construct Panzer Kompanie
Selects LG40 Recoilless Gun Paradrop
Fallschirmpioneer Squad Paradrop
Selects Flak 36 Anti-tank Gun Emplacement
Nebelwerfer 42 Rocket Launcher Team
Fallschirmjäger Squad Paradrop
Panzergrenadier Officer Quarters